 Dungeon Crawl Stone Soup version 0.31-a0-1598-g94871bc2e8 (webtiles) character file.

Game seed: 225998405227604334

749 Inarius the Chopper (level 7, -1/50 HPs)
             Began as an Octopode Fighter on Jan 7, 2024.
             Slain by Menkaure (24 damage)
             ... on level 5 of the Dungeon.
             The game lasted 00:04:47 (3498 turns).

Inarius the Chopper (Octopode Fighter)              Turns: 3498, Time: 00:04:48

Health: -1/50      AC:  1    Str: 16    XL:     7   Next: 77%
Magic:  7/7        EV: 14    Int: 10    God:
Gold:   118        SH:  5    Dex: 13    Spells: 6/6 levels left

rFire   . . .        a - +0 war axe
rCold   . . .        b - +0 buckler
rNeg    + . .        (helmet restricted)
rPois   .            (no amulet)
rElec   .            f - ring of positive energy
rCorr   .            (no ring)
SInv    .            (no ring)
Will    .....        (no ring)
Stlth   ++++         (no ring)
HPRegen 0.28/turn    (no ring)
MPRegen 0.10/turn    (no ring)
                     (no ring)

%: no passive effects
@: no status effects
A: almost no armour, amphibious, 8 rings, camouflage 1, gelatinous body 1,
(nimble swimmer 1), tentacles
a: no special abilities


You were on level 5 of the Dungeon.
You visited 1 branch of the dungeon, and saw 5 of its levels.

You collected 235 gold pieces.
You spent 117 gold pieces at shops.

Inventory:

Hand Weapons
 a - a +0 war axe (weapon)
Armour
 b - a +0 buckler (worn)
Jewellery
 f - a ring of positive energy (left tentacle)
Scrolls
 d - a scroll of revelation {unknown}
 e - 2 scrolls of enchant armour {unknown}
 g - a scroll of vulnerability {unknown}
 h - a scroll of summoning {unknown}
 i - 4 scrolls of identify {unknown}
 k - a scroll of enchant weapon {unknown}
 p - 2 scrolls of teleportation
 q - 3 scrolls of amnesia {unknown}
Potions
 j - 4 potions of curing
 l - 2 potions of enlightenment {unknown}
 m - 2 potions of attraction {unknown}
 n - a potion of brilliance {unknown}
 o - a potion of haste {unknown}


   Skills:
 * Level 5.1 Fighting
 + Level 5.5 Axes
 + Level 4.3 Dodging
 + Level 4.3 Stealth
 + Level 3.6 Shields


You had 6 spell levels left.
You didn't know any spells.
Your spell library contained the following spells:

 Spells                   Type           Power      Damage    Failure   Level
 Magic Dart               Conj           0%         1d3       43%         1
 Blink                    Tloc           0%         N/A       58%         2
 Call Imp                 Summ           0%         N/A       58%         2
 Animate Dead             Necr           0%         N/A       99%         4
 Haunt                    Necr/Summ      0%         N/A       100%        7
 Infestation              Necr           0%         N/A       100%        8


Dungeon Overview and Level Annotations

Branches:
Dungeon (5/15)
 Temple: D:4-7

Altars:
Dithmenos
Qazlal
Zin

Shops:
D:3 :   D:4 :[!*!

Annotations:
D:5 Menkaure


Innate Abilities, Weirdness & Mutations

You cannot wear most types of armour.
You are amphibious.
You can wear up to eight rings at the same time.
Your skin changes colour to match your surroundings (Stealth+).
Your rubbery body absorbs attacks. (AC +1, EV +1)
((You are camouflaged when in or above water. (Stealth+)))
You have tentacles for arms and can constrict up to eight enemies at once.


Message History

You climb downwards.
Found two robes.
There is a stone staircase leading up here.
You open the door.
There is an open door here.
You open the door.
There is an open door here.
You open the door.
An adder and an orc come into view.
The orc shouts!
The adder hisses angrily.
Found a dagger and 7 gold pieces.
There is an open door here.
The orc completely misses you.
You hit the orc. You grab the orc. You squeeze the orc, but do no damage.
The orc is moderately wounded.
You constrict the orc, but do no damage.
The orc closely misses you.
You slash the orc!
You kill the orc!
Menkaure, Prince of Dust comes into view.
You miss the adder. You grab the adder. You squeeze the adder!
You kill the adder!
Menkaure gestures wildly while chanting.
Menkaure seems to speed up.
There is an open door, spattered with blood here.
Things that are here:
a +0 dagger; a +0 scale mail; an orc corpse Menkaure hits you!
You hit Menkaure. You grab Menkaure.
Menkaure is moderately damaged.
You constrict Menkaure, but do no damage.
Menkaure calls on the powers of darkness!
Your body is wracked with pain!
You are too injured to fight recklessly!
You are too injured to fight recklessly!
You are too injured to fight recklessly!
You hit Menkaure.
Menkaure is heavily damaged.
You constrict Menkaure. Menkaure closely misses you. Menkaure hits you!!
You die...

... .#.. ..###+#....
#.......... #..........
#.......... ####
#.......... #+#...
#...M.$....
....#.....#.##..@....)..
....#.........#)########
................#
#...............#
#...............#
#.........#.#'#.#
[.........#.#.#.#
............#.#.#
......#'#.#...#.#


You could see Menkaure (fast).

Vanquished Creatures
  A hornet (D:4)
  Eustachio (D:4)
  A phantom (D:3)
  A scorpion (D:4)
  2 bombardier beetles
  6 adders
  5 gnolls
  2 ribbon worms (D:4)
  4 dart slugs
  8 orcs
  7 ball pythons
  5 bats
  4 endoplasms (D:2)
  7 giant cockroaches
  8 goblins
  15 hobgoblins
  9 kobolds
  2 quokkas (D:1)
  6 frilled lizards
  5 rats
99 creatures vanquished.

Notes
Turn   | Place    | Note
-------+----------+-------------------------------------------
     0 | D:1      | Inarius the Octopode Fighter began the quest for the Orb.
     0 | D:1      | Reached XP level 1. HP: 16/16 MP: 1/1
    99 | D:1      | Reached XP level 2. HP: 18/21 MP: 2/2
   380 | D:1      | Reached skill level 1 in Stealth
   380 | D:1      | Reached XP level 3. HP: 15/26 MP: 3/3
  1083 | D:2      | Reached XP level 4. HP: 31/31 MP: 4/4
  1265 | D:2      | Found a faded altar of an unknown god.
  1696 | D:3      | Found Jeosoarph's Book Shoppe.
  1711 | D:3      | Reached XP level 5. HP: 32/37 MP: 5/5
  2149 | D:4      | Found Xosen's General Store.
  2156 | D:4      | Bought a scroll of teleportation for 33 gold pieces
  2162 | D:4      | Noticed Eustachio
  2400 | D:4      | Reached XP level 6. HP: 32/43 MP: 6/6
  2559 | D:4      | Found Iseny's Armour Shoppe.
  2566 | D:4      | Noticed a hornet
  2882 | D:4      | Found Goulass's Book Shop.
  2930 | D:4      | Killed Eustachio
  2931 | D:4      | Reached skill level 5 in Axes
  2931 | D:4      | Reached XP level 7. HP: 31/49 MP: 7/7
  2931 | D:4      | Found a glowing silver altar of Zin.
  3130 | D:4      | Found Ofex's Distillery.
  3138 | D:4      | Bought a potion of curing for 42 gold pieces
  3138 | D:4      | Bought a potion of lignification for 42 gold pieces
  3169 | D:4      | Killed a hornet
  3170 | D:4      | Reached skill level 5 in Fighting
  3273 | D:4      | Found a shadowy altar of Dithmenos.
  3273 | D:4      | Found a stormy altar of Qazlal.
  3303 | D:4      | Found Xuataugo's Distillery.
  3465 | D:5      | Entered Level 5 of the Dungeon
  3493 | D:5      | Noticed Menkaure
  3498 | D:5      | Slain by Menkaure

Illustrated notes

Levels and vault maps discovered:
D:1:      dpeg_arrival_erosion, layout_basic, nicolae_grassy_gnolls
D:2:      cheibrodos_greedy_goblins, layout_basic,
          hellmonk_ecumenical_altar_slurped_away
D:3:      layout_loops_ring, serial_shops, nicolae_shop_statue_plus
D:4:      layout_gridville, mainiacjoe_overflow_chevrons,
          nicolae_overflow_two_pavilions, serial_shops, shop,
          nicolae_shop_tiny_real_fake_doors, shop,
          nicolae_shop_pleasant_corner_grove, nicolae_shop_behind_doors,
          abandoned_shop, uniq_eustachio
D:5:      layout_basic, uniq_menkaure

Skill      XL: |  1  2  3  4  5  6  7 |
---------------+----------------------+-----
Stealth        | 1 2 3 4 |  4.3
Axes           | 3 4 5 |  5.5
Fighting       | 4 5 |  5.1
Dodging        | 4 |  4.3
Shields        | |  3.6

Action                     |  1- 3 |  4- 6 |  7- 9 || total
---------------------------+-------+-------+-------++-------
  Melee: War axe           |    63 |    96 |    20 ||   179
         Constrict         |    14 |    24 |     5 ||    43
         Tentacles         |     6 |     9 |     6 ||    21
         Punch             |     1 |     3 |       ||     4
    Use: Potion            |       |       |     2 ||     2
   Stab: Sleeping          |     6 |     9 |     1 ||    16
         Distracted        |       |       |     1 ||     1
 Armour: Skin              |    26 |    41 |    12 ||    79
  Dodge: Dodged            |    27 |    49 |     4 ||    80
  Block: Buckler           |    15 |    25 |     4 ||    44

Table legend: (Time is in decaauts)
 A = Elapsed time spent in this place.
 B = Non-inter-level travel time spent in this place.
 C = Inter-level travel time spent in this place.
 D = Time resting spent in this place.
 E = Time spent auto-exploring this place.
 F = Levels seen in this place.
 G = Mean time per level.
                   A        B        C        D        E       F      G
               +--------+--------+--------+--------+--------+-----+--------+
         Total |   3572 |   3390 |    182 |    592 |   1993 |   5 |  714.4 |
       Dungeon |   3572 |   3390 |    182 |    592 |   1993 |   5 |  714.4 |
               +--------+--------+--------+--------+--------+-----+--------+

Top non-repeatable levels by time:
     D:3: 1279 daAuts
     D:4: 820 daAuts
     D:1: 812 daAuts
     D:2: 626 daAuts
     D:5: 33 daAuts
